 Dungeon Crawl Stone Soup version 0.25.0-9-g26727b657a (webtiles) character file.

Game seed: 1846175256125442456

4175 Infinimo the Basher (level 10, -4/81 HPs)
             Began as a Minotaur Berserker on June 18, 2020.
             Was an Elder of Trog.
             Killed from afar by a catoblepas (9 damage)
             ... with a blast of calcifying dust
             ... on level 8 of the Dungeon.
             The game lasted 00:07:43 (8017 turns).

Infinimo the Basher (Minotaur Berserker)            Turns: 8017, Time: 00:07:43

Health: -4/81      AC: 13    Str: 25    XL:     10   Next: 8%
Magic:  9/9        EV:  9    Int:  4    God:    Trog [****..]
Gold:   326        SH:  0    Dex: 12    Spells: 9/9 levels left

rFire    . . .     SeeInvis .   a - +1 mace
rCold    . . .     Gourm    .   (no shield)
rNeg     . . .     Faith    .   n - +1 chain mail
rPois    .         Spirit   .   (helmet restricted)
rElec    .         Reflect  .   B - +0 cloak
rCorr    .         Harm     .   (no gloves)
MR       .....                  (no boots)
Stlth    ..........             (no amulet)
HPRegen  0.23/turn              (no ring)
MPRegen  0.11/turn              (no ring)

@: berserk cooldown, very slightly contaminated, slowed, very slow
A: retaliatory headbutt, horns 2, thin skeletal structure 1, frail 1
a: Berserk, Trog's Hand, Brothers in Arms, Renounce Religion


You were on level 8 of the Dungeon.
You worshipped Trog.
Trog was greatly pleased with you.
You were near starving.

You visited 1 branch of the dungeon, and saw 8 of its levels.

You collected 326 gold pieces.

Inventory:

Hand Weapons
 a - a +1 mace (weapon)
Armour
 n - a +1 chain mail (worn)
 B - a +0 cloak (worn)
Jewellery
 i - an uncursed amulet of guardian spirit {unknown}
 t - an uncursed ring of wizardry {unknown}
 x - an uncursed ring of protection from fire {unknown}
 y - an uncursed ring of protection from magic {unknown}
Wands
 f - a wand of random effects (49)
 l - a wand of acid (4)
 v - a wand of flame (38)
Scrolls
 d - 2 scrolls of enchant weapon
 g - 2 scrolls of immolation {unknown}
 o - a scroll of enchant armour
 q - 11 scrolls of identify
 r - 2 scrolls of random uselessness {unknown}
 s - a scroll of magic mapping
 u - a scroll of remove curse {unknown}
 w - a scroll of blinking
Potions
 b - 3 potions of degeneration
 e - 2 potions of brilliance
 h - a potion of mutation
 j - a potion of berserk rage {unknown}
 k - 3 potions of curing
 m - a potion of invisibility {unknown}
 p - a potion of lignification {unknown}
 A - a potion of haste {unknown}
Comestibles
 c - 16 rations


   Skills:
 + Level 9.5 Fighting
 * Level 12.5 Maces & Flails
 + Level 9.1 Armour
 - Level 2.2 Dodging


You had 9 spell levels left.
You didn't know any spells.
Your spell library was empty.

Dungeon Overview and Level Annotations

Branches:
Dungeon (8/15)             Temple (0/1) D:7
   Lair: D:8-11

Altars:
Ashenzari
Cheibriados
Gozag
Hepliaklqana
Kikubaaqudgha
Nemelex Xobeh
Sif Muna
Uskayaw
Xom
Yredelemnul


Innate Abilities, Weirdness & Mutations

You reflexively headbutt those who attack you in melee.
You have a pair of horns on your head.
You have a somewhat thin skeletal structure. (Dex +2, Stealth)
You are frail. (-10% HP)


Message History

You sock the catoblepas! Your headbutt misses the catoblepas.
The catoblepas is lightly wounded.
You sock the catoblepas!
The catoblepas is moderately wounded.
The catoblepas gores you but does no damage.
You sock the catoblepas! You headbutt the catoblepas.
The catoblepas is heavily wounded.
You are no longer berserk.
You are exhausted.
You feel yourself slow down. The catoblepas gores you!!
* * * LOW HITPOINT WARNING * * *
Unknown command.
Blink to where?
Press: ? - help, Dir - move target cursor You are very lightly contaminated with residual magic.
As you read the scroll of blinking, it crumbles to dust.
The catoblepas breathes a plume of calcifying dust at you.
The blast of calcifying dust hits the crimson imp.
The blast of calcifying dust hits you!
You die...

#####...................####
...................)...###
................#.#......#
..............###........###
###......#...## #.##.......##
...########.#####.#...####..###
#....####...##................#
###...#........#.#.#########..##
...............#@##...##....#..##
#.....#.......##§##.##.#(##.#....
......##......#§..##.# ###....
.#.....##....##5#.##.## #.....
.......#.....#.....##.# ##...##
..##.#.###..##Y#.#.##.## #......
...##..##...#.......##.# ##......
....#...#..##.##.##.##.###..#....
##...)..#..#..##.##..##(##.###...


You could see a crimson imp.

Vanquished Creatures
  A centaur warrior (D:8)
  A troll (D:8)
  A hippogriff (D:7)
  Sigmund (D:5)
  The ghost of Fv001 the Shield-Bearer, an amateur FoFi (D:3)
  Duvessa (D:4)
  An orc warrior (D:8)
  An ice beast (D:6)
  A black bear (D:8)
  2 sky beasts
  A phantom (D:7)
  8 ogres
  3 centaurs
  5 bullfrogs
  Dowan (D:4)
  2 scorpions
  A water moccasin skeleton (D:6)
  2 howler monkeys
  2 jellies (D:6)
  4 hounds
  A gnoll shaman (D:5)
  2 orc wizards (D:5)
  An iguana (D:8)
  9 worker ants
  A hound skeleton (D:6)
  A worker ant zombie (D:5)
  5 gnolls
  A howler monkey skeleton (D:8)
  6 adders
  2 oozes
  2 adder zombies
  2 adder skeletons
  2 worms
  A dart slug (D:1)
  6 leopard geckos
  7 orcs
  A bat (D:1)
  3 giant cockroaches
  3 goblins
  7 hobgoblins
  4 jackals (D:5)
  2 kobolds
  A ball python (D:1)
  5 frilled lizards
  12 rats
  A plant (D:1)
128 creatures vanquished.

Notes
Turn   | Place    | Note
-------+----------+-------------------------------------------
     0 | D:1      | Infinimo the Minotaur Berserker began the quest for the
                  | Orb.
     0 | D:1      | Reached XP level 1. HP: 19/19 MP: 0/0
   187 | D:1      | Found a shattered altar of Ashenzari.
   230 | D:1      | Reached skill level 4 in Maces & Flails
   230 | D:1      | Reached XP level 2. HP: 27/27 MP: 1/1
  1205 | D:2      | Found a basalt altar of Yredelemnul.
  1366 | D:3      | Reached XP level 3. HP: 30/33 MP: 2/2
  1503 | D:3      | Reached ** piety under Trog
  1524 | D:3      | Found a runed translucent door.
  1525 | D:3      | Noticed Fv001's ghost (amateur FoFi)
  1626 | D:3      | Killed Fv001's ghost
  1626 | D:3      | Reached skill level 5 in Maces & Flails
  1626 | D:3      | Reached XP level 4. HP: 41/41 MP: 3/3
  1626 | D:3      | Reached XP level 5. HP: 47/47 MP: 4/4
  2514 | D:4      | Reached skill level 6 in Maces & Flails
  2701 | D:4      | Noticed Duvessa
  2702 | D:4      | Noticed Dowan
  2718 | D:4      | Killed Duvessa
  2718 | D:4      | Reached skill level 5 in Fighting
  2718 | D:4      | Reached XP level 6. HP: 56/56 MP: 5/5
  2735 | D:4      | Gained mutation: You are frail. (-10% HP) [potion of
                  | mutation]
  2735 | D:4      | Gained mutation: You have a somewhat thin skeletal
                  | structure. (Dex +2, Stealth) [potion of mutation]
  2736 | D:4      | Killed Dowan
  2931 | D:4      | Reached skill level 7 in Maces & Flails
  3094 | D:4      | Found a sparkling altar of Nemelex Xobeh.
  3095 | D:4      | Found a hazy altar of Hepliaklqana.
  3096 | D:4      | Found an opulent altar of Gozag.
  3238 | D:4      | Reached skill level 5 in Armour
  3238 | D:4      | Reached XP level 7. HP: 30/55 MP: 6/6
  3539 | D:5      | Entered Level 5 of the Dungeon
  3818 | D:5      | Found a snail-covered altar of Cheibriados.
  3911 | D:5      | Noticed Sigmund
  3922 | D:5      | Killed Sigmund
  3922 | D:5      | Reached skill level 8 in Maces & Flails
  4351 | D:5      | Found a shimmering blue altar of Sif Muna.
  4410 | D:5      | Reached XP level 8. HP: 63/63 MP: 7/7
  4606 | D:5      | Reached *** piety under Trog
  4622 | D:5      | Reached skill level 9 in Maces & Flails
  5298 | D:6      | Found an ancient bone altar of Kikubaaqudgha.
  5374 | D:6      | Found a shimmering altar of Xom.
  5381 | D:6      | Reached skill level 10 in Maces & Flails
  5592 | D:7      | Found a staircase to the Ecumenical Temple.
  5758 | D:7      | Noticed a hippogriff
  5768 | D:7      | Killed a hippogriff
  5768 | D:7      | Reached XP level 9. HP: 72/72 MP: 8/8
  6448 | D:7      | Found a hide-covered altar of Uskayaw.
  6460 | D:7      | Reached skill level 11 in Maces & Flails
  6965 | D:8      | Found a hazy altar of Hepliaklqana.
  7361 | D:8      | Reached **** piety under Trog
  7984 | D:8      | Noticed a catoblepas
  7984 | D:8      | Noticed a four-headed hydra
  7984 | D:8      | Noticed a troll
  7984 | D:8      | Noticed a centaur warrior
  7998 | D:8      | Killed a centaur warrior
  7998 | D:8      | Reached skill level 12 in Maces & Flails
  7998 | D:8      | Reached XP level 10. HP: 65/81 MP: 9/9
  8013 | D:8      | HP: 4/81 [catoblepas (29)]
  8017 | D:8      | Killed from afar by a catoblepas

Illustrated notes

Levels and vault maps discovered:
D:1:      nzn_arrival_crosshair, layout_rooms,
          hangedman_abyss_or_decor_lesser_grid, serial_bayou_lagoon_a,
          evilmike_ruin_ashenzari
D:2:      layout_loops_ring, lemuel_coloured_pillars_altar
D:3:      layout_basic, first_ration, ebering_ghost_reflecting_pool
D:4:      layout_basic, chequers_temple_overflow_statue_of_worship, uniq_duvessa
D:5:      layout_gridville, led_sif_book, slow_altar_1, uniq_sigmund
D:6:      layout_basic, marbit_many_paths, overflow_temple_1_default
D:7:      layout_basic, eat_drink_and_be_merry_uskayaw,
          minmay_temple_entry_arrows
D:8:      minmay_the_grid_triangle_9x9_rhombus_thin
          [minmay_the_grid_triangle_9x9_thin_v,
          minmay_the_grid_triangle_9x9_prize_top_heavy,
          minmay_the_grid_triangle_9x9_longest,
          minmay_the_grid_triangle_9x9_descending_squares], layout_cave_pools,
          basic_altar, grunt_ogre_cave

Skill      XL: |  1  2  3  4  5  6  7  8  9 |
---------------+----------------------------+-----
Maces & Flails | 4 5 6 7 8 10 12 | 12.5
Fighting       | 4 5 6 8 9 |  9.5
Armour         | 3 4 5 6 7 9 |  9.1
Dodging        | |  2.2

Action                   |  1- 3 |  4- 6 |  7- 9 | 10-12 || total
-------------------------+-------+-------+-------+-------++-------
Melee: Mace              |    82 |    55 |   265 |    13 ||   415
       Headbutt          |    16 |    13 |    67 |     3 ||    99
Invok: Berserk           |     1 |     1 |     8 |       ||    10
Evoke: Wand              |       |       |     2 |       ||     2
  Use: Scroll            |     5 |     2 |     1 |     1 ||     9
       Potion            |       |     4 |       |       ||     4
 Stab: Sleeping          |     1 |       |       |       ||     1
  Eat: Chunk             |     1 |     5 |    20 |       ||    26
       Ration            |       |     1 |       |       ||     1
Armor: Animal skin       |    11 |       |       |       ||    11
       Chain mail        |     8 |    31 |   123 |     2 ||   164
Dodge: Dodged            |    39 |    32 |   102 |     3 ||   176
